Map: Efflorescence LE

Players

radu

  • Race: Terran Terran
  • League: Platinum
  • Spawn Location: 6:00

fosnet

  • Race: Protoss Protoss
  • Spawn Location: 9:00

qqq - Winner!

  • Race: Zerg Zerg
  • Spawn Location: 3:00

Massa - Winner!

  • Race: Terran Terran
  • League: Platinum
  • Spawn Location: 12:00

VOD

Have the link to the VOD?

Description

Time

  • Played on: Nov. 10, 2020, 2:54 p.m.
  • Length: 8:41
Show
View Real Time Build Order
Export as new Build Order

radu Terran 

Build Orders:  

Get SALT Encoding   

  12  0:00  SCV  
  13  0:13  SCV  
  14  0:19  Supply Depot  
  14  0:26  SCV  
  15  0:40  SCV  
  16  0:42  Barracks  
  16  0:52  SCV  
  17  1:00  Barracks  
  17  1:10  SCV  
  18  1:12  Refinery  
  18  1:30  Marine  
  18  1:32  SCV  
  20  1:42  Supply Depot  
  20  1:47  Bunker  
  20  1:50  Marine x2  
  20  1:53  Orbital Command  
  22  2:02  Supply Depot  
  22  2:09  Marine  
  23  2:17  Barracks Tech Lab  
  23  2:26  SCV  
  24  2:31  Command Center  
  24  2:36  Marine  
  25  2:37  Marine  
  26  2:49  SCV  
  26  2:50  Factory  
  27  3:08  Marine  
  27  3:09  Marine  
  27  3:12  Stimpack  
  29  3:15  SCV  
  30  3:22  Supply Depot  
  30  3:23  Engineering Bay  
  30  3:27  SCV  
  30  3:30  Marine  
  30  3:31  Marine  
  33  3:39  Factory Tech Lab  
  33  4:14  Supply Depot  
  33  4:22  SCV, Command Center  
  34  4:24  Refinery, Siege Tank  
  34  4:27  Barracks Reactor  
  31  4:53  Bunker  
  3  5:24  Orbital Command  
  1  5:39  Factory Tech Lab  
  1  5:53  SCV  
  2  6:05  SCV  
  3  6:12  Refinery  
  3  6:15  SCV  
  3  6:17  SCV  
  5  6:27  SCV  
  5  6:29  SCV  
  7  6:36  Barracks  
  7  6:39  SCV  
  8  6:41  SCV  
  9  6:53  SCV  
  9  7:05  SCV  
  10  7:10  Barracks  
  10  7:12  Barracks  
  4  7:44  SCV  
  4  7:48  Barracks  
  3  7:51  Barracks  
  3  7:56  Orbital Command  
  3  8:12  SCV  
  4  8:24  SCV  
  5  8:38  Bunker  
Show
View Real Time Build Order
Export as new Build Order

fosnet Protoss 

Build Orders: Zealot Archon 

Get SALT Encoding   

  12  0:00  Probe  
  13  0:12  Probe  
  14  0:21  Pylon  
  14  0:25  Probe  
  15  0:42  Forge  
  15  0:47  Gateway  
  15  0:54  Probe (Chrono Boost)  
  16  1:04  Probe (Chrono Boost)  
  17  1:08  Pylon  
  17  1:17  Photon Cannon  
  17  1:21  Pylon  
  17  1:27  Probe (Chrono Boost)  
  18  1:36  Probe (Chrono Boost)  
  18  1:39  Cybernetics Core  
  19  1:47  Assimilator  
  19  1:50  Probe  
  19  1:52  Assimilator  
  20  2:02  Probe (Chrono Boost)  
  21  2:09  Photon Cannon  
  21  2:14  Probe (Chrono Boost)  
  23  2:22  Probe (Chrono Boost)  
  23  2:28  Probe, Gateway  
  23  2:35  Gateway  
  24  2:43  Pylon  
  24  2:46  Warp Gate  
  24  2:57  Probe  
  25  3:04  Stalker  
  27  3:10  Probe  
  28  3:22  Probe  
  29  3:28  Twilight Council  
  29  3:36  Probe  
  30  3:44  Nexus  
  30  3:51  Pylon  
  30  3:58  Probe  
  31  4:10  Probe  
  31  4:16  Dark Shrine  
  32  4:22  Probe (Chrono Boost), Templar Archives  
  33  4:34  Probe (Chrono Boost)  
  34  4:43  Probe (Chrono Boost)  
  34  4:45  Zealot x2  
  37  4:51  Pylon  
  39  4:56  Probe  
  40  5:16  Gateway  
  40  5:19  Gateway  
  40  5:20  Zealot x2  
  44  5:22  Shield Battery  
  44  5:23  Shield Battery  
  44  5:38  Dark Templar  
  38  5:45  Dark Templar  
  33  6:08  Dark Templar  
  13  6:20  Dark Templar  
  5  6:34  Probe  
  6  6:45  Dark Templar  
  6  6:46  Probe  
  8  6:49  Probe  
  10  7:02  Probe x2 (Chrono Boost)  
  10  7:08  Pylon  
  11  7:12  Probe x2 (Chrono Boost)  
  13  7:16  Probe (Chrono Boost)  
  14  7:27  Zealot  
  17  7:30  Probe x2  
  18  7:40  Archon  
  18  7:45  Shield Battery  
  18  7:53  Probe  
  20  7:58  Probe  
  20  8:05  Probe  
  21  8:13  Pylon  
  21  8:24  Zealot  
  17  8:28  Zealot  
Show
View Real Time Build Order
Export as new Build Order

qqq Zerg - Winner!

Build Orders: Hatch First 

Get SALT Encoding   

  12  0:00  Drone  
  13  0:08  Drone  
  14  0:37  Hatchery  
  14  0:41  Drone  
  13  1:07  Overlord  
  13  1:08  Spawning Pool  
  12  1:12  Drone  
  12  1:16  Extractor  
  12  1:20  Drone  
  12  1:24  Drone  
  14  1:31  Drone  
  15  1:42  Drone  
  16  1:49  Drone  
  16  1:51  Drone  
  18  2:01  Queen  
  18  2:03  Drone  
  18  2:06  Drone  
  22  2:13  Drone  
  22  2:14  Drone  
  24  2:24  Queen  
  26  2:30  Metabolic Boost  
  26  2:33  Drone  
  26  2:35  Drone  
  28  2:41  Overlord  
  28  2:48  Baneling Nest  
  28  2:50  Zergling x2  
  28  2:56  Overlord  
  28  3:00  Zergling x2  
  28  3:01  Zergling x2  
  30  3:05  Zergling x2  
  30  3:12  Zergling x2  
  32  3:13  Zergling x4  
  32  3:15  Zergling x2  
  32  3:19  Zergling x2  
  37  3:20  Zergling x2  
  37  3:23  Zergling x2  
  38  3:32  Overlord  
  38  3:34  Zergling x4  
  38  3:39  Zergling x4  
  42  3:48  Zergling x2  
  43  3:53  Zergling x2  
  43  3:54  Zergling x2  
  43  3:55  Zergling x2  
  46  3:59  Baneling x6  
  46  4:00  Baneling  
  46  4:07  Overlord  
  46  4:10  Overlord  
  39  4:45  Zergling x2  
  39  4:46  Zergling x10  
  43  5:03  Zergling x6  
  43  5:04  Zergling x8  
  48  5:12  Zergling x2  
  44  5:22  Lair  
  44  5:40  Hatchery  
  44  5:42  Zergling x6  
  41  5:43  Drone x3  
  40  6:03  Pneumatized Carapace  
  40  6:06  Zergling x6  
  40  6:07  Zergling x6  
  46  6:13  Zergling x2  
  46  6:27  Zergling x2  
  46  6:28  Drone  
  45  6:47  Zergling x4  
  45  6:48  Drone x4  
  45  6:51  Overseer  
  51  7:15  Zergling x6  
  54  7:16  Drone x3, Zergling x2  
  54  7:17  Zergling x6  
  61  7:35  Spore Crawler  
  61  7:36  Spine Crawler  
  59  7:38  Spore Crawler  
  59  7:40  Spine Crawler  
  59  7:43  Drone x2, Queen  
  61  7:46  Spore Crawler  
  60  7:51  Spire  
  60  8:05  Drone x2  
  60  8:06  Drone x3, Overlord x2  
  60  8:07  Overlord  
  60  8:08  Zergling x4, Overlord x2  
  60  8:12  Extractor  
Show
View Real Time Build Order
Export as new Build Order

Massa Terran - Winner!

Build Orders:  

Get SALT Encoding   

  12  0:00  SCV  
  13  0:13  SCV  
  14  0:18  Supply Depot  
  14  0:25  SCV  
  15  0:40  SCV  
  15  0:41  Barracks  
  16  0:52  SCV  
  17  1:00  Supply Depot  
  18  1:04  SCV  
  18  1:10  Barracks  
  18  1:16  SCV  
  19  1:28  SCV, Marine  
  21  1:33  Refinery  
  21  1:38  Refinery  
  21  1:44  Orbital Command  
  21  1:45  Marine  
  22  2:03  Barracks, Marine  
  22  2:05  Marine  
  24  2:14  SCV  
  25  2:27  Barracks Tech Lab  
  25  2:31  Marine  
  25  2:36  Command Center  
  26  2:41  SCV  
  27  2:47  Supply Depot  
  27  2:49  Marine  
  28  2:52  Marine  
  28  2:55  Marauder  
  31  3:00  Stimpack  
  31  3:09  Marine  
  31  3:10  Marine  
  31  3:12  Supply Depot  
  33  3:17  Marauder  
  35  3:27  Marine  
  35  3:28  Marine  
  35  3:30  Supply Depot  
  37  3:38  Marauder  
  39  3:44  Marine  
  40  3:53  SCV  
  41  3:57  Marine  
  41  4:00  Marauder  
  41  4:02  Marine  
  44  4:05  SCV  
  46  4:16  Barracks Reactor  
  46  4:17  SCV  
  46  4:22  Factory  
  47  4:29  SCV  
  47  5:19  Marauder, Marine x3  
  47  5:20  SCV  
  54  5:23  Orbital Command  
  53  5:32  SCV  
  54  5:40  Marauder  
  56  6:02  Marauder  
  57  6:10  Marine  
  57  6:11  Marine x2  
  58  6:14  Factory Tech Lab  
  54  6:19  Starport  
  54  6:21  Engineering Bay  
  54  6:23  Marauder  
  54  6:24  SCV  
  54  6:25  SCV  
  52  6:28  Marine x2  
  53  6:35  Combat Shield  
  53  6:37  SCV x2  
  53  6:38  Barracks Tech Lab  
  53  6:39  Siege Tank  
  58  6:44  Barracks, Marauder  
  60  6:47  Barracks  
  60  6:49  SCV  
  61  6:54  Missile Turret  
  61  6:57  Medivac  
  63  7:06  Marauder  
  65  7:19  Marauder, Marine x2  
  69  7:37  Marine  
  69  7:39  Supply Depot  
  69  7:41  Supply Depot x2  
  69  7:42  Supply Depot  
  70  7:45  Supply Depot  
  70  8:00  Marine  
  70  8:01  Marauder x2  
  75  8:07  SCV x2  
  75  8:10  Supply Depot x2  
  75  8:11  Marine  
  78  8:18  Marine  
  78  8:19  SCV x2  
  81  8:21  Marine  
Tags
 
Add a new tag
Caveats
  • Supply blocks, unpowered buildings, or Contaminate may cause inaccurate times.
  • Supply counts are checked every 10 seconds.